 Dungeon Crawl Stone Soup version 0.27.0-1-g7a089689b8 (webtiles) character file.

Game seed: 14256713212718257239

11571 HoaS the Cruncher (level 11, -3/68 HPs)
             Began as a Gargoyle Gladiator on Aug 10, 2021.
             Was a High Priest of Okawaru.
             Slain by a catoblepas (7 damage)
             ... on level 10 of the Dungeon on Aug 11, 2021.
             The game lasted 00:26:44 (13122 turns).

HoaS the Cruncher (Gargoyle Gladiator)             Turns: 13122, Time: 00:26:45

Health: -3/68      AC: 29    Str: 22    XL:     11   Next: 79%
Magic:  0/15       EV: 10    Int:  8    God:    Okawaru [*****.]
Gold:   512        SH:  0    Dex: 11    Spells: 10/10 levels left

rFire    . . .     SeeInvis .   w - +2 quarterstaff
rCold    . . .     Faith    .   (shield currently unavailable)
rNeg     + . .     Spirit   +   C - +0 plate armour
rPois    ∞         Reflect  .   c - +0 helmet
rElec    +         Harm     .   g - +0 cloak
rCorr    .         Rampage  .   (no gloves)
Will     .....                  (no boots)
Stlth    ..........             v - amulet of guardian spirit
HPRegen  0.21/turn              t - +4 ring of protection
MPRegen  0.14/turn              (no ring)

@: mighty, heroic
A: sickness immunity, AC +8, negative energy resistance 1, electricity
resistance, torment resistance 1, petrification resistance
a: Renounce Religion, Heroism, Finesse


You were on level 10 of the Dungeon.
You worshipped Okawaru.
Okawaru was extremely pleased with you.
You visited 2 branches of the dungeon, and saw 11 of its levels.
You also visited: Sewer.

You collected 512 gold pieces.

Inventory:

Hand Weapons
 q - a +1 shortbow
 w - a +2 quarterstaff (weapon)
Missiles
 i - 56 poisoned darts
 k - 5 curare-tipped darts
 p - 4 boomerangs
 s - 163 arrows
 B - a throwing net (quivered)
Armour
 c - a +0 helmet (worn)
 g - a +0 cloak (worn)
 C - a +0 plate armour (worn)
Jewellery
 t - a +4 ring of protection (left hand)
 v - an amulet of guardian spirit (around neck)
 F - an amulet of regeneration
Wands
 j - a wand of acid (12)
 E - a wand of iceblast (5)
 G - a wand of digging (7)
Scrolls
 a - a scroll of fog
 n - 5 scrolls of teleportation
 y - a scroll of holy word
Potions
 b - 2 potions of degeneration {unknown}
 d - a potion of lignification {unknown}
 e - 3 potions of mutation
 h - a potion of flight
 l - 2 potions of heal wounds {unknown}
 m - 9 potions of haste
 o - a potion of resistance {unknown}
 r - 3 potions of might
 u - 3 potions of attraction
 x - a potion of cancellation {unknown}
 A - a potion of curing {unknown}


   Skills:
 * Level 8.1(13.1) Fighting
 - Level 14.0(19.0) Staves
 - Level 2.0(7.0) Bows
 - Level 1.7(6.7) Throwing
 + Level 5.2(10.2) Armour
 + Level 4.8(9.8) Dodging
 + Level 6.2 Invocations


You had 10 spell levels left.
You didn't know any spells.
Your spell library contained the following spells:

 Spells                   Type           Power      Damage    Failure   Level
 Static Discharge         Conj/Air       0%         N/A       100%        2
 Wereblood                Tmut           0%         N/A       100%        2
 Inner Flame              Hex/Fire       0%         N/A       100%        3
 Cause Fear               Hex            0%         N/A       100%        4
 Lightning Bolt           Conj/Air       0%         1d11      100%        5
 Summon Hydra             Summ           0%         N/A       100%        7
 Discord                  Hex            0%         N/A       100%        8
 Maxwell's Capacitive Co  Air            0%         ∞         100%        8
 Sublimation of Blood     Necr           Unusable   N/A       N/A         2

Dungeon Overview and Level Annotations

Branches:
Dungeon (10/15)            Temple (1/1) D:6           Sewer (visited)
   Lair: D:8-11         Orc: D:9-12

Altars:
Ashenzari
Cheibriados
Dithmenos
Elyvilon
Fedhas
Gozag
Hepliaklqana
Kikubaaqudgha
Makhleb
Nemelex Xobeh
Okawaru
Qazlal
Ru
Sif Muna
Trog
Uskayaw
Vehumet
Wu Jian
Xom
Yredelemnul
Zin
The Shining One

Shops:
D:3 (   D:7 ?=!

Annotations:
D:7 2 transporters, DiogoH's ghost, novice VSEn
D:8 2 transporters, Torax's ghost, novice DrSu


Innate Abilities, Weirdness & Mutations

You are immune to sickness and miasma.
Your stone body is resilient. (AC +8)
You are immune to poison.
You resist negative energy. (rN+)
You are resistant to electric shocks. (rElec)
You are resistant to unholy torment.
You are immune to petrification.


Message History

Items here: $ ) ? [.
The catoblepas gores you but does no damage.
You hit the catoblepas.
The catoblepas is lightly wounded.
The catoblepas breathes a plume of calcifying dust at you.
The blast of calcifying dust hits you but does no damage.
You hit the catoblepas.
The catoblepas is lightly wounded.
The catoblepas barely misses you.
You bludgeon the catoblepas!!
The catoblepas is moderately wounded.
You sock the catoblepas!
The catoblepas is heavily wounded.
The catoblepas closely misses you.
You hit the catoblepas but do no damage.
The catoblepas is heavily wounded.
You hit the catoblepas but do no damage.
The catoblepas is heavily wounded.
The catoblepas gores you!
You hit the catoblepas but do no damage.
The catoblepas is heavily wounded.
The catoblepas gores you!!
You sock the catoblepas!
The catoblepas is heavily wounded.
You hit the catoblepas but do no damage.
The catoblepas is heavily wounded.
The catoblepas gores you but does no damage.
Your plate armour prevents you from hitting the catoblepas.
The catoblepas is heavily wounded.
You sock the catoblepas!
The catoblepas is severely wounded.
The catoblepas gores you!
* * * LOW HITPOINT WARNING * * *
You gain the combat prowess of a mighty hero.
The catoblepas breathes a plume of calcifying dust at you.
The blast of calcifying dust hits you!
* * * LOW HITPOINT WARNING * * *
You feel very mighty all of a sudden. The catoblepas gores you!
You die...

.###.....###.. ####
.##...#...##.#
.#...###...#.# ....##
##....# .#...###...#.#
# .##...#...##.## .#
.###.....###..#####..#
.# ##)..## ##..Y....#
.#####.#########@#####
...........#....)§...#
...........#.#.#)#§#.#
...........#..#.#.#§.
.......<...#.#.. ..#.#
..............#.
.#....
.#######...#.#..
..#.#.. .# ...#..#. .#
.#.. .# ...# .# #. #


You could see a catoblepas.

Vanquished Creatures
  Harold (D:9)
  A two-headed ogre (D:9)
  A fire crab (shapeshifter) (D:10)
  A cyclops (D:10)
  A gargoyle (D:10)
  An efreet (D:10)
  A tengu conjurer (D:10)
  A meliai (D:10)
  7 slime creatures
  Sigmund (D:3)
  A wraith (D:10)
  14 yaks
  A steam dragon (D:5)
  3 water moccasins
  2 orc warriors
  2 sky beasts
  2 hornet zombies
  A black bear (D:5)
  2 necrophages (D:7)
  2 ogres
  5 centaurs
  5 kobold brigands
  3 bullfrogs
  2 wyvern zombies
  A scorpion (D:7)
  9 killer bees
  5 wights (D:9)
  4 howler monkeys
  3 hounds
  4 orc priests
  3 centaur zombies
  4 jellies
  2 gnoll shamans
  3 iguanas
  3 orc wizards
  A killer bee zombie (D:7)
  10 gnolls
  2 river rats (D:4)
  10 adders
  A shadow imp (D:6)
  A white imp (D:7)
  2 ufetubi (D:6)
  2 dart slugs
  18 orcs
  10 endoplasms
  4 giant cockroaches
  5 goblins
  4 hobgoblins
  4 jackals (D:1)
  26 kobolds
  5 quokkas
  6 ball pythons
  6 bats
  3 frilled lizards
  10 rats
  A spectral goblin (D:1)
233 creatures vanquished.

Vanquished Creatures (others)
  A plant (Sewer)
1 creature vanquished.

Grand Total: 234 creatures vanquished

Notes
Turn   | Place    | Note
-------+----------+-------------------------------------------
     0 | D:1      | HoaS the Gargoyle Gladiator began the quest for the Orb.
     0 | D:1      | Reached XP level 1. HP: 12/12 MP: 1/1
    29 | D:1      | Found a faded altar of an unknown god.
   238 | D:1      | Reached XP level 2. HP: 16/17 MP: 2/2
   553 | D:1      | Reached skill level 4 in Staves
   736 | D:1      | Reached XP level 3. HP: 21/21 MP: 3/3
  1603 | D:2      | Reached XP level 4. HP: 19/26 MP: 4/4
  2258 | D:3      | Reached skill level 5 in Staves
  2583 | D:3      | Noticed Sigmund
  2588 | D:3      | Found Qamukiaq's Weapon Shop.
  2593 | D:3      | Killed Sigmund
  2594 | D:3      | Reached skill level 6 in Staves
  2594 | D:3      | Reached XP level 5. HP: 25/30 MP: 5/5
  2594 | D:3      | Reached XP level 6. HP: 29/35 MP: 6/6
  3254 | D:4      | Reached skill level 7 in Staves
  3419 | D:4      | Reached XP level 7. HP: 26/40 MP: 7/7
  3428 | D:4      | HP: 1/40 [gnoll (9)]
  3581 | D:4      | Found a glowing drain.
  3598 | D:4      | Reached skill level 8 in Staves
  3608 | Sewer    | Entered a sewer
  4742 | D:5      | Entered Level 5 of the Dungeon
  5098 | D:5      | Noticed a yak
  5098 | D:5      | Noticed a yak
  5098 | D:5      | Noticed a yak
  5098 | D:5      | Noticed a yak
  5099 | D:5      | Noticed a yak
  5158 | D:4      | Killed a yak
  5159 | D:4      | Reached skill level 9 in Staves
  5159 | D:4      | Reached XP level 8. HP: 26/44 MP: 8/8
  5713 | D:6      | Found a staircase to the Ecumenical Temple.
  5728 | Temple   | Entered the Ecumenical Temple
  6007 | Temple   | Became a worshipper of Warmaster Okawaru
  6434 | D:6      | Reached skill level 1 in Bows
  6434 | D:6      | Reached skill level 1 in Invocations
  6435 | D:6      | Reached skill level 10 in Staves
  6789 | D:5      | Reached * piety under Okawaru
  7217 | D:5      | Killed a yak
  7218 | D:5      | Reached skill level 11 in Staves
  7218 | D:5      | Reached XP level 9. HP: 18/48 MP: 11/11
  7843 | D:7      | Found Hezolloh's Distillery.
  7871 | D:7      | Reached ** piety under Okawaru
  7921 | D:7      | Reached skill level 12 in Staves
  7979 | D:7      | Noticed DiogoH's ghost (novice VSEn)
  7994 | D:7      | Found Ycreeh's Magic Scroll Emporium.
  8347 | D:7      | Identified the +8 dagger "Muustroru" {vorpal, Drain rPois
                  | SInv}
  8412 | D:7      | Found a hazy altar of Hepliaklqana.
  8517 | D:7      | Found a transporter.
  8558 | D:7      | Reached skill level 13 in Staves
  8710 | D:7      | Found Igiotaw's Jewellery Emporium.
  8711 | D:7      | Found a transporter.
  9138 | D:7      | Reached XP level 10. HP: 34/53 MP: 8/12
  9466 | D:8      | Reached *** piety under Okawaru
  9549 | D:8      | Found a transporter.
  9558 | D:8      | Noticed Torax's ghost (novice DrSu)
  9561 | D:8      | Found a transporter.
 10123 | D:9      | Reached skill level 14 in Staves
 10254 | D:9      | Reached skill level 1 in Armour
 10757 | D:9      | Reached **** piety under Okawaru
 10757 | D:9      | Received a gift from Okawaru
 10787 | D:9      | Reached skill level 5 in Fighting
 10796 | D:9      | Noticed a two-headed ogre
 11016 | D:9      | Killed a two-headed ogre
 11017 | D:9      | Reached XP level 11. HP: 50/64 MP: 10/14
 11184 | D:9      | Reached skill level 5 in Invocations
 12260 | D:10     | Entered Level 10 of the Dungeon
 12266 | D:10     | Noticed Harold
 12365 | D:9      | Killed Harold
 12511 | D:10     | Reached ***** piety under Okawaru
 12621 | D:10     | Noticed a cyclops
 12630 | D:10     | Killed a cyclops
 12636 | D:10     | Noticed a fire crab
 12636 | D:10     | a naga changed into a fire crab
 12640 | D:10     | Killed a fire crab
 12804 | D:10     | Reached skill level 5 in Armour
 13107 | D:10     | Noticed a catoblepas
 13122 | D:10     | Slain by a catoblepas

Illustrated notes

Levels and vault maps discovered:
D:1:      psy_arrival_radial02, layout_loops_ring,
          dreamdust_ecumenical_altar_drowned_temple
D:2:      layout_basic
D:3:      layout_basic, serial_shops,
          nicolae_shop_temple_entry_statues_fountains,
          minmay_misc_feat_ornament, st_stairs_1, kennysheep_generic_room_2,
          uniq_sigmund
D:4:      layout_cave_pods, portal_sewer_entry_b
D:5:      layout_basic, minmay_large_rounded_square, kennysheep_path_1
D:6:      layout_basic, minmay_temple_entry_statues_fountains,
          lemuel_flamethrower_1
D:7:      layout_basic, mainiacjoe_overflow_tiny_flanked, serial_shops,
          nicolae_stop_n_shop_1, shop, nicolae_shop_waterfront,
          gammafunk_ghost_mausoleum, bh_walls_and_bars
D:8:      layout_layer_cave, gammafunk_ghost_arena
D:9:      layout_basic, amethyst_killhole
D:10:     minmay_the_grid_net [minmay_the_grid_outer_diamond,
          minmay_the_grid_expand, minmay_the_grid_x, minmay_the_grid_gridbox,
          minmay_the_grid_embedded, minmay_the_grid_prize_inner_circle],
          layout_irregular_city, uniq_harold
Temple:   nicolae_temple_the_god_donut

Skill      XL: |  1  2  3  4  5  6  7  8  9 10 11 |
---------------+----------------------------------+-----
Staves         | 4 6 7 9 11 13 14 | 14.0
Bows           | 2 |  2.0
Invocations    | 3 4 6 |  6.2
Armour         | 3 5 |  5.2
Fighting       | 5 8 |  8.1
Dodging        | 3 4 |  4.8
Throwing       | |  1.7

Action                   |  1- 3 |  4- 6 |  7- 9 | 10-12 || total
-------------------------+-------+-------+-------+-------++-------
Melee: Quarterstaff      |   100 |    91 |   430 |   456 ||  1077
Throw: Throwing net      |       |     3 |     2 |     1 ||     6
       Dart              |       |     4 |     6 |     1 ||    11
Invok: Heroism           |       |       |       |    11 ||    11
       Finesse           |       |       |       |     1 ||     1
Evoke: Wand              |       |       |     6 |       ||     6
  Use: Scroll            |     3 |     2 |     8 |     3 ||    16
       Potion            |       |       |       |     1 ||     1
 Stab: Held in net/web   |       |       |     1 |       ||     1
Armor: Chain mail        |    52 |    57 |   222 |   184 ||   515
       Leather armour    |     4 |       |       |       ||     4
       Plate armour      |       |       |       |    40 ||    40
Dodge: Dodged            |    38 |    30 |   150 |   144 ||   362
